 Dungeon Crawl Stone Soup version 0.16.0-16-g311141a (webtiles) character file.

402 valak23 the Chopper (level 6, 0/84 HPs)
             Began as a Draconian Berserker on Mar 20, 2015.
             Was a Priest of Trog.
             Slain by Anothat's ghost (11 damage)
             ... on level 4 of the Dungeon.
             The game lasted 00:08:58 (2234 turns).

valak23 the Chopper (Draconian Berserker)           Turns: 2234, Time: 00:08:58

Health: 0/84       AC:  7    Str: 25    XL:     6   Next: 55%
Magic:  6/6        EV: 13    Int:  8    God:    Trog [***...]
Gold:   181        SH:  0    Dex: 11    Spells: 0 memorised, 5 levels left

rFire  . . .     SeeInvis .     q - +2 hand axe (chop)
rCold  . . .     Clarity  .     (armour unavailable)
rNeg   . . .     SustAb   .     (no shield)
rPois  +         Gourm    .     (helmet restricted)
rElec  .         Spirit   .     j - +0 cloak
rCorr  +         Warding  .     (no gloves)
rMut   .         Stasis   .     (no boots)
MR     ++...                    e - amulet of resist corrosion
Stlth  ..........               (no ring)
                                m - ring of poison resistance

@: berserking, regenerating, very quick, very resistant to hostile enchantments,
extremely unstealthy
A: unfitting armour, cold-blooded, AC +6
a: Burn Spellbooks, Berserk, Trog's Hand, Renounce Religion


You were on level 4 of the Dungeon.
You worshipped Trog.
Trog was most pleased with you.
You were not hungry.

You visited 1 branch of the dungeon, and saw 4 of its levels.

You collected 181 gold pieces.

Inventory:

Hand weapons
 q - a +2 hand axe of chopping (weapon)
Missiles
 l - 10 sling bullets of frost
Armour
 h - a cursed +0 plate armour
 j - a +0 cloak (worn)
Jewellery
 e - an amulet of resist corrosion (around neck)
 m - a ring of poison resistance (left hand)
Magical devices
 p - a wand of digging (12)
 s - a wand of frost (15)
Scrolls
 g - a scroll of recharging {unknown}
 i - 2 scrolls of remove curse
 r - 2 scrolls of identify
Potions
 a - a potion of heal wounds {unknown}
 b - a potion of haste {unknown}
 c - a potion of brilliance {unknown}
 d - 6 potions of curing {unknown}
 f - 2 potions of lignification {unknown}
 k - a potion of beneficial mutation {unknown}
Comestibles
 n - 6 fruits
 o - 3 meat rations


   Skills:
 + Level 5.0 Fighting
 * Level 5.2 Axes
 + Level 4.1 Dodging
 + Level 1.5 Stealth
 + Level 0.2 Evocations


You had 5 spell levels left.
You didn't know any spells.

Dungeon Overview and Level Annotations

Branches:
Dungeon (4/15)
 Temple: D:4-7

Altars:
Fedhas
Makhleb
Trog
Zin

Annotations:
D:4 Anothat's ghost, experienced FoFi


Innate Abilities, Weirdness & Mutations

Your plain brown scales are hard (AC +6).
Your body does not fit into most forms of armour.
Your cold-blooded metabolism reacts poorly to cold.


Message History

Found a chain mail.
You closely miss the kobold. The kobold completely misses you.
You hit the kobold.
You kill the kobold!
Trog accepts your kill. Anothat's ghost hits you!
Use which ability? (? or * to list)
Your skin crawls.
You feel resistant to hostile enchantments.
You feel slightly more hungry. Anothat's ghost hits you!
* * * LOW HITPOINT WARNING * * *
Use which ability? (? or * to list)
A red film seems to cover your vision as you go berserk!
You feel yourself moving faster!
You feel mighty!
You feel somewhat more hungry. Anothat's ghost hits you.
* * * LOW HITPOINT WARNING * * *
You slash Anothat's ghost!! You tail-slap Anothat's ghost.
Anothat's ghost is heavily damaged.
Anothat's ghost hits you!
You die...

.#.......#.#........###..
.#......)#................
..).._.............)......
.#.......#..............#
.#.......#..............#
.##.....##..............#
.####.####.............##
.. ....................#
.# ######......)@......#
.# #......W......## #
..............#
.............#
............##
.[.........# .........##
........# ...


You could see Anothat's ghost.

Vanquished Creatures
  An ogre (D:4)
  A giant frog (D:3)
  Crazy Yiuf (D:2)
  An iguana (D:4)
  Natasha (D:3)
  An iron imp (D:3)
  A worker ant (D:4)
  Ijyb (D:2)
  Terence (D:2)
  3 gnolls (D:3)
  Robin (D:3)
  An adder (D:4)
  A giant mite (D:4)
  A worm (D:2)
  2 giant geckos
  5 bats
  5 giant cockroaches
  8 hobgoblins
  A jackal (D:1)
  2 ball pythons (D:1)
  4 giant newts
  15 goblins
  6 kobolds
  4 rats
  A bush (D:2)
  A fungus (D:2)
70 creatures vanquished.

Notes
Turn   | Place    | Note
--------------------------------------------------------------
     0 | D:1      | valak23, the Draconian Berserker, began the quest for the Orb.
     0 | D:1      | Reached XP level 1. HP: 19/19 MP: 1/1
   338 | D:1      | Reached XP level 2. HP: 26/26 MP: 2/2
   844 | D:2      | Found a bloodstained altar of Trog.
   959 | D:2      | Noticed Terence
   975 | D:2      | Killed Terence
   975 | D:2      | Reached skill level 4 in Fighting
   975 | D:2      | Reached XP level 3. HP: 25/33 MP: 3/3
  1046 | D:2      | Acquired Trog's second power
  1127 | D:2      | Noticed Ijyb
  1138 | D:2      | Killed Ijyb
  1269 | D:2      | Noticed Crazy Yiuf
  1278 | D:2      | Killed Crazy Yiuf
  1278 | D:2      | Reached XP level 4. HP: 23/40 MP: 4/4
  1379 | D:3      | Noticed Robin
  1390 | D:3      | Killed Robin
  1458 | D:3      | Reached skill level 1 in Stealth
  1458 | D:3      | Reached XP level 5. HP: 24/47 MP: 5/5
  1535 | D:3      | Found a glowing silver altar of Zin.
  1542 | D:3      | Noticed a giant frog
  1546 | D:3      | Killed a giant frog
  1927 | D:3      | Noticed Natasha
  1932 | D:3      | Killed Natasha
  2012 | D:4      | Found a burning altar of Makhleb.
  2181 | D:4      | Found a blossoming altar of Fedhas.
  2181 | D:4      | Noticed an ogre
  2187 | D:4      | Killed an ogre
  2187 | D:4      | Reached skill level 5 in Axes
  2187 | D:4      | Reached XP level 6. HP: 29/55 MP: 6/6
  2207 | D:4      | Reached skill level 5 in Fighting
  2227 | D:4      | Noticed Anothat's ghost (experienced FoFi)
  2234 | D:4      | Slain by Anothat's ghost

Action                   |  1- 3 |  4- 6 || total
-------------------------+-------+-------++-------
Melee: Hand axe          |   115 |    76 ||   191
Invok: Berserk           |       |     2 ||     2
       Trog's Hand       |       |     2 ||     2
Evoke: Wand              |       |     3 ||     3
  Use: Scroll            |     4 |     1 ||     5
  Eat: Bread ration      |     1 |     1 ||     2
